 Dungeon Crawl Stone Soup version 0.30-a0-782-ge64f9170bb (webtiles) character file.

Game seed: 271271470048005966

67 mopl the Stinger (level 3, -4/26 HPs)
             Began as a Draconian Venom Mage on Mar 13, 2023.
             Was an Initiate of Vehumet.
             Splashed by a jelly's acid (8 damage)
             ... on level 4 of the Dungeon.
             The game lasted 00:03:14 (2536 turns).

mopl the Stinger (Draconian Venom Mage)             Turns: 2536, Time: 00:03:15

Health: -4/26      AC:  2    Str: 10    XL:     3   Next: 98%
Magic:  2/7        EV: 12    Int: 17    God:    Vehumet [......]
Gold:   162        SH:  0    Dex: 11    Spells: 6/7 levels left

rFire   + . .      SeeInvis .    q - +0 dagger (venom)
rCold   + + .      Faith    .    (no shield)
rNeg    . . .      Spirit   .    (body armour unavailable)
rPois   +          Reflect  .    (helmet restricted)
rElec   .          Harm     .    y - scarf {rC+ rF+}
rCorr   .          Rampage  .    (no gloves)
Will    .....                    l - +0 pair of boots
Stlth   ++                       (no amulet)
HPRegen 0.24/turn                f - ring of protection from cold
MPRegen 0.10/turn                h - ring of poison resistance

@: corroded
A: AC +5, unfitting armour, cold-blooded
a: Renounce Religion


You were on level 4 of the Dungeon.
You worshipped Vehumet.
Vehumet was noncommittal.
You visited 1 branch of the dungeon, and saw 4 of its levels.

You collected 162 gold pieces.

Inventory:

Hand Weapons
 j - a +0 dagger
 q - a +0 dagger of venom (weapon)
Missiles
 e - 2 boomerangs
 r - 2 javelins
Armour
 l - a +0 pair of boots (worn)
 y - a scarf of resistance (worn)
Jewellery
 f - a ring of protection from cold (left hand)
 h - a ring of poison resistance (right hand)
 p - a ring of protection from cold
Scrolls
 b - a scroll of vulnerability {unknown}
 c - 5 scrolls of poison {unknown}
 g - 3 scrolls of identify {unknown}
 m - a scroll of magic mapping {unknown}
 o - a scroll of enchant weapon {unknown}
 s - a scroll of amnesia {unknown}
 t - 2 scrolls of enchant armour {unknown}
 u - a scroll of torment {unknown}
 x - a scroll of blinking {unknown}
Potions
 a - a potion of magic
 d - 3 potions of curing {unknown}
 i - 2 potions of might {unknown}
 k - 2 potions of resistance {unknown}
 n - 2 potions of brilliance {unknown}
 v - a potion of attraction {unknown}
 w - 2 potions of degeneration {unknown}


   Skills:
 - Level 1.7 Dodging
 + Level 2.3 Stealth
 + Level 2.7 Spellcasting
 - Level 2.0 Transmutations
 + Level 3.6 Poison Magic


You had 6 spell levels left.
You knew the following spells:

 Your Spells              Type           Power      Damage    Failure   Level
a - Sting                 Tmut/Pois      44%        1d5       6%          1

Your spell library contained the following spells:

 Spells                   Type           Power      Damage    Failure   Level
 Wereblood                Tmut           9%         N/A       12%         2
 Poisonous Vapours        Pois/Air       16%        N/A       13%         2
 Cigotuvi's Dreadful Rot  Necr/Pois/Air  12%        N/A       17%         2
 Sandblast                Erth           4%         2d4       19%         1
 Passwall                 Tmut/Erth      4%         N/A       19%         2
 Sublimation of Blood     Necr           2%         N/A       26%         2
 Mephitic Cloud           Conj/Pois/Air  6%         N/A       32%         3
 Olgreb's Toxic Radiance  Pois           14%        N/A       38%         4
 Stone Arrow              Conj/Erth      4%         3d7       47%         3
 Summon Hydra             Summ           1%         N/A       100%        7


Dungeon Overview and Level Annotations

Branches:
Dungeon (4/15)
 Temple: D:4-7

Altars:
Hepliaklqana
Vehumet


Innate Abilities, Weirdness & Mutations

Your plain brown scales are hard. (AC +5)
You cannot fit into any form of body armour.
You are cold-blooded and may be slowed by cold attacks.


Message History

There is a stone staircase leading up here.
Done exploring.
(D) Dungeon
Where to? (Enter - D:3, ? - help)
What level of the Dungeon? (default 1, ? - help)
There is a stone staircase leading down here.
You climb downwards.
There is a stone staircase leading up here.
Found a stone staircase leading down.
Found a stone staircase leading up.
There is a stone staircase leading up here.
A jelly comes into view.
You can't see any susceptible monsters within range! (Use Z to cast anyway.)
You can't see any susceptible monsters within range! (Use Z to cast anyway.)
The sting hits the jelly.
The jelly partially resists.
The jelly is poisoned.
The jelly is lightly wounded.
The jelly quivers.
The sting hits the jelly.
The jelly partially resists.
The jelly is lightly wounded.
The sting hits the jelly.
The jelly looks even sicker.
The jelly is moderately wounded.
The jelly hits you.
You are splashed with acid!
The sting hits the jelly.
The jelly looks even sicker.
The jelly is heavily wounded.
The jelly hits you. The acid corrodes you!
You are splashed with acid!
* * * LOW HITPOINT WARNING * * *
You are too injured to fight recklessly!
You are too injured to fight recklessly!
You are too injured to fight recklessly!
Casting: Sting (safe; 6% risk of failure)
Confirm with . or Enter, or press ? or * to list all spells.
Aiming: Sting (safe; 6% risk of failure)
Press: ? - help, Shift-Dir - straight line, f/p - jelly
Aim: a jelly (heavily wounded, very poisoned, 100% to hit)
The sting hits the jelly.
The jelly partially resists.
The jelly is severely wounded.
The jelly hits you.
* * * LOW HITPOINT WARNING * * *
You are splashed with acid!
You die...

#.#.#.#.#....###########.#
....>....###......<.......
#.#.#.#.#.##
#######........
...........# #.#.#####
.#.#.#.#.## #.#.#
..######<###### #.#.# ###
#.............# ♣♣♣♣# #..
..######.####.#.#..P #.#
#.....@J...♣ ♣♣♣
#.###.#.#.#♣ #. #.#... #.
#.###.# #. #.. .# #. ### #
..


You could see a jelly (very poisoned).

Vanquished Creatures
  2 adders (D:3)
  2 worms (D:3)
  An orc (D:3)
  4 endoplasms
  2 goblins
  4 hobgoblins
  3 jackals (D:2)
  4 kobolds
  2 quokkas
  4 ball pythons
  6 bats
  4 frilled lizards
  4 rats
42 creatures vanquished.

Notes
Turn   | Place    | Note
-------+----------+-------------------------------------------
     0 | D:1      | mopl the Draconian Venom Mage began the quest for the Orb.
     0 | D:1      | Reached XP level 1. HP: 14/14 MP: 3/3
   201 | D:1      | Reached XP level 2. HP: 20/20 MP: 0/5
   257 | D:1      | Found a faded altar of an unknown god.
   892 | D:2      | Found a radiant altar of Vehumet.
  1313 | D:2      | Reached skill level 2 in Stealth
  1381 | D:2      | Reached XP level 3. HP: 24/26 MP: 2/6
  1690 | D:3      | Found a hazy altar of Hepliaklqana.
  2007 | D:3      | Reached skill level 2 in Transmutations
  2485 | D:2      | Became a worshipper of Vehumet
  2536 | D:4      | Splashed by a jelly's acid

Illustrated notes

Levels and vault maps discovered:
D:1:      wander_arrival_abandoned_jail, layout_basic,
          dreamdust_ecumenical_altar_angels_and_demons
D:2:      layout_basic, basic_altar, minmay_splitting_lines, minivault_24,
          minmay_domino_4
D:3:      layout_loops_cross, lemuel_coloured_pillars_altar, minmay_crystal_room
D:4:      layout_loops_ring, chequers_temple_overflow_statue_of_worship,
          serial_shops, shop, st_stairs_13, dilly_guarded_unrand_morg

Skill      XL: |  1  2  3 |
---------------+----------+-----
Stealth        | 2 |  2.3
Transmutations | 2 |  2.0
Dodging        | |  1.7
Spellcasting   | |  2.7
Poison Magic   | |  3.6

Action                     || total
---------------------------++-------
  Melee: Unarmed           ||    19
         Tailslap          ||    11
         Dagger            ||    67
         Punch             ||     1
   Cast: Sting             ||    52
   Stab: Sleeping          ||     1
 Armour: Skin              ||    41
  Dodge: Dodged            ||    75

Table legend: (Time is in decaauts)
 A = Elapsed time spent in this place.
 B = Non-inter-level travel time spent in this place.
 C = Inter-level travel time spent in this place.
 D = Time resting spent in this place.
 E = Time spent auto-exploring this place.
 F = Levels seen in this place.
 G = Mean time per level.
                   A        B        C        D        E       F      G
               +--------+--------+--------+--------+--------+-----+--------+
         Total |   2535 |   2353 |    182 |      0 |   1993 |   4 |  633.8 |
       Dungeon |   2535 |   2353 |    182 |      0 |   1993 |   4 |  633.8 |
               +--------+--------+--------+--------+--------+-----+--------+

Top non-repeatable levels by time:
     D:2: 968 daAuts
     D:3: 745 daAuts
     D:1: 702 daAuts
     D:4: 118 daAuts
